 Dungeon Crawl Stone Soup version 0.23.2-11-gf996548c65 (webtiles) character file.

Game seed: 12466022069994687163

1248 MalarOregon the Ruffian (level 8, -3/67 (68) HPs)
             Began as a Ghoul Gladiator on June 6, 2019.
             Slain by an orc warrior
             ... wielding a +0 trident
              (6 damage)
             ... on level 7 of the Dungeon.
             The game lasted 00:07:47 (5378 turns).

MalarOregon the Ruffian (Ghoul Gladiator)           Turns: 5378, Time: 00:07:48

HP:   -3/67 (68)    AC: 11    Str: 18    XL:     8   Next: 50%
MP:   7/7           EV: 15    Int:  5    God:
Gold: 191           SH:  0    Dex: 12    Spells: 7/7 levels left

rFire    . . .     SeeInvis .     - Unarmed
rCold    + . .     Gourm    .   (no shield)
rNeg     + + +     Faith    .   d - +0 leather armour of the Mantidfly {Dex+2}
rPois    ∞         Spirit   .   b - +1 helmet
rElec    .         Reflect  .   (no cloak)
rCorr    .         Harm     .   i - +0 pair of gloves
MR       .....                  n - +0 pair of boots
Stlth    +.........             (no amulet)
HPRegen  0.00/turn              j - +3 ring of protection
MPRegen  0.10/turn              h - +1 ring of evasion

@: rotting, hasted, very quick
A: rotting body, claws 1, carnivore, cold resistance 1, negative energy
resistance 3, inhibited regeneration, torment resistance, unbreathing
a: no special abilities


You were on level 7 of the Dungeon.
You were not hungry.

You visited 1 branch of the dungeon, and saw 7 of its levels.

You collected 359 gold pieces.
You spent 168 gold pieces at shops.

Inventory:

Hand Weapons
 p - the +5 hunting sling of Dominance {venom, rPois MR+, unknown}
   (You found it on level 5 of the Dungeon)

   It poisons the ammo it fires.
   It protects you from poison.
   It affects your resistance to hostile enchantments.
Missiles
 c - 3 throwing nets (quivered) {!f}
Armour
 b - a +1 helmet (worn)
 d - the +0 leather armour of the Mantidfly (worn) {Dex+2}
   (You bought it in a shop on level 5 of the Dungeon)

   It affects your dexterity (+2).
 i - a +0 pair of gloves (worn)
   (You found it on level 1 of the Dungeon)
 n - a +0 pair of boots (worn)
   (You found it on level 2 of the Dungeon)
Magical Staves
 m - an uncursed staff of air {unknown}
   (You found it on level 5 of the Dungeon)
Jewellery
 h - a +1 ring of evasion (right hand)
   (You found it on level 5 of the Dungeon)
 j - a +3 ring of protection (left hand)
   (You found it on level 1 of the Dungeon)
Wands
 t - a wand of flame (16)
   (You found it on level 7 of the Dungeon)
Scrolls
 g - 2 scrolls of fog
 l - 2 scrolls of immolation {!r}
Potions
 f - a potion of resistance
 o - 3 potions of curing {@q1}
Comestibles
 e - 7 rations {!d}


   Skills:
 + Level 5.2 Fighting
 - Level 1.7 Throwing
 + Level 3.7 Armour
 + Level 4.8 Dodging
 * Level 7.7 Unarmed Combat


You had 7 spell levels left.
You didn't know any spells.
Your spell library contained the following spells:

 Spells                   Type           Power        Failure   Level  Hunger
 Animate Skeleton         Necr           N/A          54%         1    ##.....
 Apportation              Tloc           #.....       54%         1    ##.....
 Confusing Touch          Hex            #.....       54%         1    ##.....
 Magic Dart               Conj           #...         54%         1    ##.....
 Summon Small Mammal      Summ           #...         54%         1    ##.....
 Blink                    Tloc           N/A          67%         2    ###....
 Call Imp                 Summ           #.......     67%         2    ###....
 Slow                     Hex            #.......     67%         2    ###....
 Conjure Flame            Conj/Fire      #.......     88%         3    ####...
 Mephitic Cloud           Conj/Pois/Air  #.......     88%         3    ####...


Dungeon Overview and Level Annotations

Branches:
Dungeon (7/15)
 Temple: D:4-7

Altars:
Elyvilon
Hepliaklqana
Kikubaaqudgha
Nemelex Xobeh
Trog
Wu Jian
Yredelemnul
Zin

Shops:
D:5 [

Annotations:
D:4 1 runed translucent door
D:6 2 transporters, goulibeur's ghost, novice DrBe


Innate Abilities, Weirdness & Mutations

Your body is rotting away.
You thrive on raw meat.
You are immune to poison.
You have sharp fingernails.
You are carnivorous and can eat meat at any time.
Your flesh is cold resistant. (rC+)
You are immune to negative energy. (rN+++)
You do not regenerate when monsters are visible.
You are immune to unholy pain and torment.
You can survive without breathing.


Message History

The orc wizard hits you but does no damage.
You completely miss the orc wizard. Your punch misses the orc wizard.
The orc wizard points at you and mumbles some strange words.
The magic dart hits you!
You closely miss the orc wizard. You closely miss the orc wizard.
The orc wizard closely misses you.
You closely miss the orc wizard. You punch the orc wizard.
The orc completely misses you.
The orc wizard mumbles some strange words.
The orc wizard blinks!
The orc wizard points at you and mumbles some strange words.
You resist with some effort.
You barely miss the orc wizard. The orc warrior completely misses you.
The orc hits you but does no damage.
The orc wizard gestures wildly while chanting.
The orc wizard blinks!
You barely miss the orc wizard.
The orc warrior hits you but does no damage.
The orc barely misses you.
You closely miss the orc wizard.
The orc wizard gestures wildly while chanting.
The orc wizard seems to speed up.
The orc misses you.
The orc warrior hits you from afar with a +0 trident!
* * * LOW HITPOINT WARNING * * *
You closely miss the orc wizard. The orc wizard misses you.
The orc wizard mumbles some strange words.
The orc wizard blinks!
You hit the orc wizard but do no damage.
You punch the orc wizard, but do no damage.
The orc wizard hits you but does no damage.
The orc hits you but does no damage.
The orc warrior hits you from afar with a +0 trident!
* * * LOW HITPOINT WARNING * * *
The orc wizard hits you but does no damage.
Okay, then.
You feel yourself speed up. The orc closely misses you.
The orc wizard misses you.
The orc warrior hits you but does no damage.
You punch the orc wizard!
The orc wizard points at you and mumbles some strange words.
The magic dart hits you.
* * * LOW HITPOINT WARNING * * *
The orc closely misses you.
You punch the orc wizard!
You kill the orc wizard!
The orc warrior hits you from afar with a +0 trident!
* * * LOW HITPOINT WARNING * * *
The orc closely misses you.
The orc warrior hits you from afar with a +0 trident.
You die...

######### ########
#.......###.ooohK#
#.........#@####K####...
######.......#.#.#
#..o......
#..............#.#
#...KK....
###.#.#.#...####.#
#.o....K..
#.#.#.#........#
#.........
#.#.#.#..#######
#.........
#.#.#.#..#.....#
#.........
#.....#..###.#.#
#........?
###.#.#......#.#
##>.......


You could see an orc warrior, a big kobold, a hound and 2 orcs.

Vanquished Creatures
  An ice beast (D:5)
  A phantom (D:6)
  An ogre (D:5)
  2 centaurs (D:5)
  A bullfrog (D:6)
  6 killer bees (D:6)
  A centaur zombie (D:7)
  3 hounds
  An orc wizard (D:7)
  An orc priest (D:3)
  A centaur skeleton (D:4)
  2 worker ants (D:5)
  2 worker ant zombies (D:6)
  10 adders
  2 shadow imps
  An adder skeleton (D:5)
  4 worms
  3 leopard geckos
  10 orcs
  9 bats
  4 giant cockroaches
  6 goblins
  8 hobgoblins
  6 jackals
  11 kobolds
  5 quokkas
  A ball python (D:4)
  3 frilled lizards
  A quokka zombie (D:5)
  8 rats
115 creatures vanquished.

Vanquished Creatures (others)
  A wizard (D:6)
1 creature vanquished.

Grand Total: 116 creatures vanquished

Notes
Turn   | Place    | Note
-------+----------+-------------------------------------------
     0 | D:1      | MalarOregon the Ghoul Gladiator began the quest for the
                  | Orb.
     0 | D:1      | Reached XP level 1. HP: 17/17 MP: 0/0
   139 | D:1      | Reached XP level 2. HP: 23/25 MP: 1/1
   516 | D:1      | Reached XP level 3. HP: 22/30 MP: 2/2
  1050 | D:2      | Reached skill level 4 in Unarmed Combat
  1114 | D:2      | Reached skill level 1 in Armour
  1525 | D:2      | Reached XP level 4. HP: 37/37 MP: 3/3
  1690 | D:2      | Found a white marble altar of Elyvilon.
  1690 | D:2      | Found a hazy altar of Hepliaklqana.
  1690 | D:2      | Found a sparkling altar of Nemelex Xobeh.
  1857 | D:3      | Reached XP level 5. HP: 39/45 MP: 4/4
  2458 | D:5      | Entered Level 5 of the Dungeon
  2485 | D:5      | Reached skill level 5 in Unarmed Combat
  2503 | D:5      | Found Bulidwau's Antique Armour Shop.
  2528 | D:5      | Noticed a centaur
  2531 | D:5      | Noticed a centaur
  2542 | D:5      | HP: 1/45 [centaur (7)]
  2550 | D:5      | Killed a centaur
  2550 | D:5      | Reached XP level 6. HP: 28/52 MP: 5/5
  2578 | D:5      | Found an ornate altar of the Wu Jian Council.
  2585 | D:5      | Found an ancient bone altar of Kikubaaqudgha.
  2595 | D:5      | Found a hazy altar of Hepliaklqana.
  2699 | D:5      | Got an encrusted hunting sling
  2718 | D:5      | Noticed an ice beast
  2738 | D:5      | Killed an ice beast
  2738 | D:5      | Reached skill level 6 in Unarmed Combat
  2738 | D:5      | Reached XP level 7. HP: 27/59 MP: 6/6
  3773 | D:4      | Found a glowing silver altar of Zin.
  3773 | D:4      | Found a runed translucent door.
  3773 | D:4      | Noticed an angel
  4156 | D:5      | Bought a smoking leather armour for 168 gold pieces
  4166 | D:5      | Identified the cursed +0 leather armour of the Mantidfly
                  | {Dex+2} (You bought it in a shop on level 5 of the Dungeon)
  4186 | D:6      | Found a transporter.
  4222 | D:6      | Found a basalt altar of Yredelemnul.
  4281 | D:6      | Found a bloodstained altar of Trog.
  4308 | D:6      | Noticed a wizard
  4313 | D:6      | Killed a wizard
  4351 | D:6      | Found a transporter.
  4436 | D:6      | Reached XP level 8. HP: 33/67 MP: 7/7
  4446 | D:6      | Reached skill level 7 in Unarmed Combat
  4829 | D:6      | Reached skill level 5 in Fighting
  5144 | D:6      | Noticed goulibeur's ghost (novice DrBe)
  5377 | D:7      | HP: 3/67 [orc warrior/+0 trident (10)]
  5378 | D:7      | Slain by an orc warrior

Skill      XL: |  1  2  3  4  5  6  7  8 |
---------------+-------------------------+-----
Dodging        | 3 4 |  4.8
Unarmed Combat | 4 5 6 7 |  7.7
Armour         | 1 2 3 |  3.7
Fighting       | 3 4 5 |  5.2
Throwing       | |  1.7

Action                   |  1- 3 |  4- 6 |  7- 9 || total
-------------------------+-------+-------+-------++-------
Melee: Unarmed           |   163 |   177 |   184 ||   524
       Punch             |     2 |     3 |     9 ||    14
  Use: Scroll            |       |     9 |     8 ||    17
       Potion            |       |     2 |     2 ||     4
 Stab: Invisible         |       |       |     5 ||     5
  Eat: Chunk             |     2 |    15 |    13 ||    30
Armor: Leather armour    |    62 |    74 |    55 ||   191
Dodge: Dodged            |   120 |   109 |   154 ||   383
